 Dungeon Crawl Stone Soup version 0.30-a0-719-gcc4359ea44 (webtiles) character file.

Game seed: 7981025267635808432

758 WienerDreamer the Trooper (level 7, -14/47 HPs)
             Began as a Gargoyle Fighter on Jan 26, 2023.
             Was an Initiate of Okawaru.
             Demolished by a wight
             ... wielding a +3 great sword
              (15 damage)
             ... on level 8 of the Dungeon.
             The game lasted 00:08:07 (4891 turns).

WienerDreamer the Trooper (Gargoyle Fighter)        Turns: 4891, Time: 00:08:07

Health: -14/47     AC: 12    Str: 21    XL:     7   Next: 80%
Magic:  7/7        EV:  6    Int:  9    God:    Okawaru [......]
Gold:   193        SH: 12    Dex:  9    Spells: 6/6 levels left

rFire   . . .      SeeInvis .    a - +0 flail
rCold   . . .      Faith    .    q - +0 tower shield
rNeg    + . .      Spirit   .    b - +0 scale mail
rPois   ∞          Reflect  .    (no helmet)
rElec   +          Harm     .    (no cloak)
rCorr   .          Rampage  .    (no gloves)
Will    +....                    (no boots) Stlth
                                 (no amulet)
HPRegen 0.27/turn                g - ring of willpower
MPRegen 0.10/turn                (no ring)

@: no status effects
A: sickness immunity, AC +4, negative energy resistance 1, electricity
resistance, torment resistance 1, petrification resistance
a: Renounce Religion


You were on level 8 of the Dungeon.
You worshipped Okawaru.
Okawaru was noncommittal.
You visited 2 branches of the dungeon, and saw 7 of its levels.

You collected 193 gold pieces.

Inventory:

Hand Weapons
 a - a +0 flail (weapon)
 o - a +1 hand axe of flaming
Missiles
 m - 6 javelins (quivered)
 n - 5 curare-tipped darts
 w - 3 throwing nets
Armour
 b - a +0 scale mail (worn)
 q - a +0 tower shield (worn)
Jewellery
 g - a ring of willpower (left hand)
Wands
 y - a wand of flame (13)
Scrolls
 e - 5 scrolls of identify {unknown}
 h - a scroll of blinking {unknown}
 i - 3 scrolls of poison {unknown}
 j - a scroll of brand weapon {unknown}
 k - 6 scrolls of immolation {unknown}
 l - a scroll of acquirement {unknown}
 t - a scroll of magic mapping {unknown}
 u - a scroll of fog {unknown}
Potions
 c - 2 potions of attraction {unknown}
 d - a potion of might
 f - 2 potions of heal wounds {unknown}
 p - 3 potions of brilliance {unknown}
 r - a potion of mutation {unknown}
 s - 2 potions of magic {unknown}
 v - a potion of lignification {unknown}
 x - a potion of curing {unknown}


   Skills:
 * Level 6.7 Fighting
 + Level 4.1 Maces & Flails
 - Level 5.0 Armour
 * Level 5.4 Shields


You had 6 spell levels left.
You didn't know any spells.
Your spell library contained the following spells:

 Spells                   Type           Power      Damage    Failure   Level
 Shock                    Conj/Air       0%         1d3       100%        1
 Slow                     Hex            0%         N/A       100%        1
 Blink                    Tloc           0%         N/A       100%        2
 Lesser Beckoning         Tloc           0%         N/A       100%        2
 Momentum Strike          Conj/Tloc      0%         3d8       100%        2
 Static Discharge         Conj/Air       0%         2-2/arc   100%        2
 Confusing Touch          Hex            0%         N/A       100%        3
 Frozen Ramparts          Ice            0%         1d1       100%        3
 Gell's Gravitas          Tloc           0%         N/A       100%        3
 Swiftness                Air            0%         N/A       100%        3
 Teleport Other           Tloc           0%         N/A       100%        3
 Vampiric Draining        Necr           0%         2d6       100%        3
 Vhi's Electric Charge    Tloc/Air       0%         N/A       100%        3
 Airstrike                Air            0%         2d(0-16)  100%        4
 Ice Form                 Ice/Tmut       0%         N/A       100%        4
 Arcjolt                  Conj/Air       0%         1d10      100%        5
 Lightning Bolt           Conj/Air       0%         1d11      100%        5
 Dispersal                Tloc           0%         N/A       100%        6
 Summon Ice Beast         Ice/Summ       Unusable   N/A       N/A         4

Dungeon Overview and Level Annotations

Branches:
Dungeon (5/15)             Temple (1/1) D:4

Altars:
Ashenzari
Cheibriados
Dithmenos
Elyvilon
Fedhas
Gozag
Hepliaklqana
Okawaru
Qazlal
Ru
Sif Muna
Vehumet
Wu Jian
Xom
Yredelemnul
The Shining One

Shops:
D:4 (


Innate Abilities, Weirdness & Mutations

You are immune to sickness and miasma.
Your stone body is resilient. (AC +4)
You are immune to poison.
You resist negative energy. (rN+)
You are resistant to electric shocks. (rElec)
You are resistant to unholy torment.
You are immune to petrification.


Message History

You start waiting.
A wight is nearby!
You hit the wight.
The wight is lightly damaged.
The wight hits you but does no damage.
You hit the wight but do no damage. You barely miss the wight.
You block the wight's attack.
You closely miss the wight.
The wight is lightly damaged.
The wight hits you with a +3 great sword.
The wight hits you with a +2 trident. You block the wight's attack.
The wight hits you but does no damage.
You barely miss the wight.
The wight is lightly damaged.
The wight hits you with a +3 great sword.
The wight barely misses you.
You barely miss the wight.
The wight is lightly damaged.
The wight hits you with a +3 great sword.
The wight hits you with a +2 trident. The wight hits you with a +2 trident!
You block the wight's attack.
You hit the wight but do no damage. You block the wight's attack.
The wight closely misses you.
You closely miss the wight.
The wight hits you with a +3 great sword!
* * * LOW HITPOINT WARNING * * *
The wight hits you with a +2 trident.
* * * LOW HITPOINT WARNING * * *
The wight hits you but does no damage. The wight barely misses you.
You sock the wight!
The wight is severely damaged.
The wight hits you with a +2 trident.
* * * LOW HITPOINT WARNING * * *
You block the wight's attack.
You barely miss the wight.
The wight is severely damaged.
You block the wight's attack. The wight hits you with a +2 trident.
* * * LOW HITPOINT WARNING * * *
The wight hits you with a +3 great sword!
You die...

.. #.......# #
##.. #........
#.##...
........#
#.#....##......#
.............#
#...........#
##..#...#####
..###......#####
...........#@..#
....z.##...zz..#
..... ##..#...#
...# ######## .z
.


You could see 2 wights.

Vanquished Creatures
  A sky beast (D:3)
  2 scorpions
  6 wights
  An iguana (D:4)
  7 adders
  4 gnolls (D:4)
  A worm (D:3)
  4 dart slugs
  3 orcs
  10 ball pythons
  7 bats
  9 endoplasms
  5 giant cockroaches
  7 hobgoblins
  A jackal (D:1)
  9 quokkas
  3 training dummies (D:4)
  4 frilled lizards
  6 goblins
  9 kobolds
  9 rats
108 creatures vanquished.

Notes
Turn   | Place    | Note
-------+----------+-------------------------------------------
     0 | D:1      | WienerDreamer the Gargoyle Fighter began the quest for the
                  | Orb.
     0 | D:1      | Reached XP level 1. HP: 14/14 MP: 1/1
   101 | D:1      | Reached XP level 2. HP: 19/19 MP: 2/2
   325 | D:1      | Reached XP level 3. HP: 24/24 MP: 3/3
   682 | D:1      | Reached skill level 4 in Fighting
  1434 | D:2      | Reached XP level 4. HP: 29/29 MP: 4/4
  2516 | D:3      | Noticed a scorpion
  2537 | D:2      | Killed a scorpion
  2538 | D:2      | Reached XP level 5. HP: 8/34 MP: 5/5
  2686 | D:3      | Noticed a sky beast
  2699 | D:3      | Killed a sky beast
  2700 | D:3      | Reached skill level 5 in Fighting
  2700 | D:3      | Reached XP level 6. HP: 40/40 MP: 6/6
  3296 | D:4      | Reached skill level 6 in Fighting
  3296 | D:4      | Reached XP level 7. HP: 29/46 MP: 7/7
  3314 | D:4      | Reached skill level 5 in Armour
  3734 | D:4      | Reached skill level 5 in Shields
  3779 | D:4      | Found a staircase to the Ecumenical Temple.
  3847 | Temple   | Entered the Ecumenical Temple
  4160 | Temple   | Became a worshipper of Warmaster Okawaru
  4683 | D:4      | Found Kilucon's Firing Range.
  4766 | D:5      | Entered Level 5 of the Dungeon
  4795 | D:5      | You fall into a shaft and drop 3 floors!
  4890 | D:8      | HP: 1/47 [wight/+2 trident (3)]
  4891 | D:8      | Demolished by a wight

Illustrated notes

Levels and vault maps discovered:
D:1:      minmay_arrival_four_loops, layout_basic, minmay_surrounded
D:2:      layout_loops_corners, serial_glass, glass_columns_b, glass_columns_b,
          feat_on_display, item_on_display_a, minmay_strange_pillars,
          feat_on_display
D:3:      layout_rooms, hangedman_feature_mirror, st_stairs_1, minmay_unequal
D:4:      layout_basic, temple_hall, nicolae_shop_firing_range
D:5:      layout_loops_corners, zin_academy, serial_shops,
          kennysheep_little_box, nicolae_nh_oracle_at_delphi
D:8:      minmay_general_purpose_star, layout_cave_pools, uniq_maggie
Temple:   minmay_temple_bridge_d

Skill      XL: |  1  2  3  4  5  6  7 |
---------------+----------------------+-----
Fighting       | 4 5 6 |  6.7
Armour         | 4 5 |  5.0
Maces & Flails | 3 4 |  4.1
Shields        | 4 5 |  5.4

Action                     |  1- 3 |  4- 6 |  7- 9 || total
---------------------------+-------+-------+-------++-------
  Melee: Flail             |   137 |   215 |    92 ||   444
 Armour: Scale mail        |    87 |   129 |    44 ||   260
  Dodge: Dodged            |    89 |    47 |    23 ||   159
  Block: Buckler           |    28 |     1 |       ||    29
         Tower shield      |       |   200 |    65 ||   265

Table legend: (Time is in decaauts)
 A = Elapsed time spent in this place.
 B = Non-inter-level travel time spent in this place.
 C = Inter-level travel time spent in this place.
 D = Time resting spent in this place.
 E = Time spent auto-exploring this place.
 F = Levels seen in this place.
 G = Mean time per level.
                   A        B        C        D        E       F      G
               +--------+--------+--------+--------+--------+-----+--------+
         Total |   5121 |   4717 |    404 |    578 |   2886 |   7 |  731.6 |
       Dungeon |   4734 |   4476 |    258 |    578 |   2663 |   6 |  789.0 |
        Temple |    386 |    240 |    146 |      0 |    223 |   1 |  386.0 |
               +--------+--------+--------+--------+--------+-----+--------+

Top non-repeatable levels by time:
     D:4: 1534 daAuts
     D:2: 1164 daAuts
     D:1: 1124 daAuts
     D:3: 778 daAuts
  Temple: 386 daAuts
     D:8: 104 daAuts
     D:5: 28 daAuts
